 Dungeon Crawl Stone Soup version 0.18.1-48-g4cf74bf (webtiles) character file.

1281 BabyRage the Slicer (level 8, 0/50 HPs)
             Began as a High Elf Assassin on June 30, 2016.
             Was an Initiate of Ashenzari.
             Slain by a wyvern (15 damage)
             ... on level 6 of the Dungeon.
             The game lasted 00:21:38 (6944 turns).

BabyRage the Slicer (High Elf Assassin)             Turns: 6944, Time: 00:21:39

Health: 0/50       AC: 15    Str: 12    XL:     8   Next: 29%
Magic:  9/9        EV:  9    Int: 16    God:    Ashenzari [......]
Gold:   206        SH:  0    Dex: 21    Spells: 0 memorised, 7 levels left

rFire  . . .     SeeInvis .     u - +0 dagger (venom)
rCold  . . .     Gourm    .     w - +5 scale mail of Yredelemnul's Delight {Str+2}
rNeg   . . .     Faith    .     (no shield)
rPois  .         Spirit   .     t - +2 helmet
rElec  .         Dismiss  .     d - +0 cloak
rCorr  .         Reflect  .     (no gloves)
SustAt .         Harm     .     (no boots)
MR     +....                    (no amulet)
Stlth  +++.......               o - +3 ring of dexterity
                                m - ring of protection from magic

@: somewhat resistant to hostile enchantments, fairly stealthy
A: no striking features
a: Curse Item, Renounce Religion


You were on level 6 of the Dungeon.
You worshipped Ashenzari.
Ashenzari was noncommittal.
You were hungry.

You visited 2 branches of the dungeon, and saw 7 of its levels.

You collected 284 gold pieces.
You spent 78 gold pieces at shops.

Inventory:

Hand Weapons
 a - a +2 dagger
 b - a +0 blowgun
 j - a +1 short sword of draining
 u - a +0 dagger of venom (weapon)
Missiles
 e - 11 poisoned needles
 f - 6 curare-tipped needles
Armour
 c - a +0 robe
 d - a +0 cloak (worn)
 t - a +2 helmet (worn)
 w - the +5 scale mail of Yredelemnul's Delight (worn) {Str+2}
   (You found it on level 5 of the Dungeon)

   It affects your strength (+2).
Jewellery
 m - a ring of protection from magic (left hand)
 o - a +3 ring of dexterity (right hand)
 z - a +2 amulet of reflection
Wands
 p - a wand of slowing (33/48)
 y - a wand of confusion (17/48)
Scrolls
 i - a scroll of identify
 q - 2 scrolls of remove curse
 r - 3 scrolls of magic mapping {unknown}
 C - a scroll of blinking
Potions
 h - a potion of flight
 l - 4 potions of curing
 n - 3 potions of heal wounds
 s - a potion of ambrosia
 v - a potion of brilliance
 A - a potion of might
Comestibles
 g - 5 bread rations
 k - a royal jelly
 x - a beef jerky


   Skills:
 - Level 2.0 Fighting
 * Level 10.1 Short Blades
 - Level 2.0 Throwing
 - Level 1.1 Dodging
 + Level 8.2 Stealth


You had 7 spell levels left.
You didn't know any spells.

Dungeon Overview and Level Annotations

Branches:
Dungeon (6/15)             Temple (1/1) D:5

Altars:
Ashenzari
Cheibriados
Dithmenos
Elyvilon
Kikubaaqudgha
Makhleb
Nemelex Xobeh
Pakellas
Qazlal
Ru
Sif Muna
Vehumet
Xom
The Shining One

Shops:
D:4 *

Annotations:
D:4 Venard's ghost, amateur DgWn
D:5 BabyRage's ghost, novice HEAs
D:6 Enroth's ghost, novice VSFi


Message History

The wyvern barely misses you.
You hit the wyvern but do no damage.
The wyvern is moderately wounded.
The wyvern bites you!
You hit the wyvern.
The wyvern is heavily wounded.
The wyvern closely misses you.
You hit the wyvern but do no damage.
The wyvern is heavily wounded.
You barely miss the wyvern.
The wyvern is heavily wounded.
The wyvern bites you!
* * * LOW HITPOINT WARNING * * *
You are too injured to fight recklessly!
You are too injured to fight recklessly!
You are too injured to fight recklessly!
You hit the wyvern but do no damage.
The wyvern is severely wounded.
The wyvern bites you!
You die...

#.#.# #.#.#
##.#.#
#.##....# #.
.....
#########
###..#...#
#........
.....#.l.##
#.#######
#.>.@..#
####.##.....
#.#...##
#.......####
#.#..###
#.##.####
#......#
#.##.#
###.##.#
#.##.###
#.##.#
#......#
#.######.##.#
####.#.#
#......<.##.#
#<#.#####
#######..##.#
###.#.#....


You could see a wyvern.

Vanquished Creatures
  Eustachio (D:4)
  An ice beast (D:5)
  A centaur (D:5)
  2 ogres
  A giant frog (D:3)
  A scorpion (D:6)
  A howler monkey (D:6)
  A centaur zombie (D:6)
  A jelly (D:6)
  A hound (D:4)
  A centaur skeleton (D:6)
  5 iguanas
  3 orc wizards
  2 worker ants
  A killer bee zombie (D:6)
  Robin (D:4)
  3 gnolls (D:3)
  6 adders
  3 worms
  2 dart slugs (D:1)
  5 giant geckos
  28 orcs
  9 bats
  6 giant cockroaches
  10 goblins
  16 hobgoblins
  4 jackals
  11 kobolds
  2 quokkas
  2 ball pythons
  A giant gecko skeleton (D:6)
  A giant newt (D:6)
  A jackal skeleton (D:4)
  6 rats
140 creatures vanquished.

Notes
Turn   | Place    | Note
--------------------------------------------------------------
     0 | D:1      | BabyRage the High Elf Assassin began the quest for the Orb.
     0 | D:1      | Reached XP level 1. HP: 14/14 MP: 2/2
   107 | D:1      | Reached skill level 3 in Short Blades
   108 | D:1      | Reached XP level 2. HP: 12/19 MP: 3/3
   614 | D:1      | Reached XP level 3. HP: 23/24 MP: 4/4
   736 | D:2      | Reached skill level 4 in Short Blades
   916 | D:2      | Reached skill level 5 in Stealth
  1398 | D:2      | Found a deep blue altar of Sif Muna.
  1787 | D:3      | Reached XP level 4. HP: 29/29 MP: 5/5
  2390 | D:3      | Noticed a giant frog
  2400 | D:3      | Killed a giant frog
  2400 | D:3      | Reached skill level 5 in Short Blades
  2400 | D:3      | Reached XP level 5. HP: 26/34 MP: 6/6
  2999 | D:3      | Reached skill level 6 in Short Blades
  3316 | D:4      | Noticed Robin
  3329 | D:4      | Reached XP level 6. HP: 34/39 MP: 7/7
  3487 | D:4      | Killed Robin
  3879 | D:4      | Noticed Eustachio
  3912 | D:4      | Killed Eustachio
  3912 | D:4      | Reached skill level 7 in Short Blades
  4087 | D:4      | Noticed Venard's ghost (amateur DgWn)
  4439 | D:4      | Found Iticzep's General Store.
  4454 | D:4      | Reached XP level 7. HP: 45/45 MP: 8/8
  4467 | D:4      | Bought 2 potions of curing for 78 gold pieces
  4606 | D:4      | Reached skill level 8 in Short Blades
  4869 | D:5      | Entered Level 5 of the Dungeon
  4888 | D:5      | Noticed BabyRage's ghost (novice HEAs)
  5201 | D:5      | Reached skill level 9 in Short Blades
  5463 | D:5      | Found a staircase to the Ecumenical Temple.
  5470 | Temple   | Entered the Ecumenical Temple
  5505 | Temple   | Became a worshipper of Ashenzari the Shackled
  5532 | D:5      | Got the uncursed scale mail of Yredelemnul's Delight {Str+2}
  5543 | D:5      | Identified the +5 scale mail of Yredelemnul's Delight {Str+2} (You found it on level 5 of the Dungeon)
  5852 | D:6      | Found a radiant altar of Vehumet.
  5991 | D:6      | Noticed Enroth's ghost (novice VSFi)
  6054 | D:6      | Reached XP level 8. HP: 22/50 MP: 9/9
  6855 | D:6      | Reached skill level 10 in Short Blades
  6944 | D:6      | Slain by a wyvern

Skill      XL: |  1  2  3  4  5  6  7  8 |
---------------+-------------------------+-----
Short Blades   | 3 4 5 6 7 9 10 | 10.1
Stealth        | 5 6 7 8 |  8.2
Fighting       | |  2.0
Throwing       | |  2.0
Dodging        | |  1.1

Action                   |  1- 3 |  4- 6 |  7- 9 || total
-------------------------+-------+-------+-------++-------
Melee: Short sword       |    78 |    59 |   133 ||   270
       Dagger            |     3 |   159 |    81 ||   243
 Fire: Blowgun           |    10 |    33 |    14 ||    57
Evoke: Wand              |       |     1 |       ||     1
  Use: Scroll            |     5 |     6 |     3 ||    14
 Stab: Sleeping          |     9 |     9 |     4 ||    22
  Eat: Chunk             |     3 |     6 |       ||     9
       Meat ration       |       |     1 |       ||     1
       Bread ration      |       |       |     1 ||     1
Armor: Robe              |    18 |    35 |    11 ||    64
       Scale mail        |       |       |    51 ||    51
Dodge: Dodged            |    31 |   100 |    77 ||   208
